[Event "Tuesday 17 April Rapid Engine Tour 12+1 Rounds 9 Starts 1600ST"]
[Site "Infinity Chess"]
[Date "2018.4.17"]
[Round "2"]
[White "Marsell"]
[Black "hafaba"]
[Result "1/2-1/2"]
[ECO "B90"]
[WhiteElo "2456"]
[BlackElo "2458"]
[WhiteEngine "BrainFish_180408_x64_bmi2"]
[BlackEngine "Eman 1.70-beta21 64-bit POPCNT_CTG"]
[EventType "Swiss"]
[WhiteTeam ""]
[BlackTeam ""]
[PlyCount "99"]
[TimeControl "720+1"]

1. e4 c5 2. Nf3 d6 3. d4 cxd4 4. Nxd4 Nf6 5. Nc3 a6 6. Be3 e5 7. Nb3 Be6 
8. f3 Be7 9. Qd2 O-O 10. O-O-O Nbd7 11. g4 b5 12. g5 b4 13. Ne2 Ne8 14. f4 a5 
15. f5 a4 16. Nbd4 exd4 17. Nxd4 b3 18. Kb1 bxc2+ 19. Nxc2 Bb3 20. axb3 axb3 
21. Na3 Ne5 22. h4 Ra4 23. Rh3 Qa8 24. Qd5 Rxa3 25. bxa3 Qxa3 26. Qd2 Nf6 
27. Bd4 Nfd7 28. Qb2 Qa8 29. Rxb3 Qxe4+ 30. Qc2 Qxh4 31. f6 gxf6 32. gxf6 Bxf6 
33. Bf2 Qh5 34. Rxd6 Qh1 35. Rd1 Ng6 36. Ba7 Re8 37. Be2 Qh4 38. Bf3 Re1 
39. Be3 Rxd1+ 40. Qxd1 Ndf8 41. Bc1 Ne6 42. Qd5 Bg5 43. Rb8+ Kg7 44. Bxg5 Nxg5 
45. Bd1 Qe4+ 46. Qxe4 Nxe4 47. Bc2 f5 48. Rb6 Nf4 49. Bxe4 fxe4 50. Rb4 1/2-1/2

[Event "Tuesday 17 April Rapid Engine Tour 12+1 Rounds 9 Starts 1600ST"]
[Site "Infinity Chess"]
[Date "2018.4.17"]
[Round "2"]
[White "HerzsjeMZ"]
[Black "Longin"]
[Result "1/2-1/2"]
[ECO "A22"]
[WhiteElo "2456"]
[BlackElo "2465"]
[WhiteEngine "S_XPrO.020418.64.POPCNT_CTG"]
[BlackEngine "Raubfisch ME262_GTZ17b_CTG"]
[EventType "Swiss"]
[WhiteTeam ""]
[BlackTeam ""]
[PlyCount "117"]
[TimeControl "720+1"]

1. c4 e5 2. Nc3 Nf6 3. Nf3 Nc6 4. g3 d5 5. cxd5 Nxd5 6. Bg2 Nb6 7. O-O Be7 
8. d3 O-O 9. Be3 Be6 10. a3 a6 11. Ne4 f5 12. Nc5 Bd5 13. Rc1 f4 14. Bd2 Bxc5 
15. Rxc5 Qd6 16. Rc1 Rad8 17. Bc3 Qe7 18. Qc2 Rf7 19. Rce1 Nd4 20. Qc1 c5 
21. Bxd4 cxd4 22. Qd2 Qf6 23. Qa5 Re7 24. Rc1 e4 25. dxe4 Bxe4 26. g4 d3 
27. exd3 Rxd3 28. Rc3 Rxc3 29. bxc3 Qd6 30. Re1 Nc4 31. Qb4 Qxb4 32. axb4 Kf8 
33. Rd1 Bxf3 34. Bxf3 Rc7 35. g5 Ne5 36. Be4 Rxc3 37. Bxb7 Rb3 38. Rd5 Nf3+ 
39. Kf1 g6 40. Bxa6 Rxb4 41. Ra5 Rb3 42. Ra4 Nxg5 43. Rxf4+ Kg7 44. Ra4 Rc3 
45. h4 Ne6 46. Bb5 Kf6 47. Rc4 Rxc4 48. Bxc4 Nf4 49. f3 Ke5 50. Kf2 Kd4 
51. Bg8 Nd3+ 52. Kg3 h6 53. Bh7 Ne5 54. f4 h5 55. f5 gxf5 56. Bxf5 Ke3 
57. Bb1 Nd3 58. Ba2 Nc5 59. Bb1 1/2-1/2

[Event "Tuesday 17 April Rapid Engine Tour 12+1 Rounds 9 Starts 1600ST"]
[Site "Infinity Chess"]
[Date "2018.4.17"]
[Round "2"]
[White "RonWeasley"]
[Black "CrapCleaner"]
[Result "1/2-1/2"]
[ECO "D30"]
[WhiteElo "2467"]
[BlackElo "2477"]
[WhiteEngine "BrainFish 090218_CTG"]
[BlackEngine "Raubfisch X38b_CTG"]
[EventType "Swiss"]
[WhiteTeam ""]
[BlackTeam ""]
[PlyCount "103"]
[TimeControl "720+1"]

1. d4 d5 2. c4 e6 3. Nf3 Nf6 4. Nc3 c6 5. Bg5 h6 6. Bxf6 Qxf6 7. e3 Nd7 
8. Be2 g6 9. O-O Bg7 10. e4 dxe4 11. Nxe4 Qf4 12. Qc2 f5 13. Ned2 c5 14. g3 Qd6 
15. Nh4 Kf7 16. d5 e5 17. Rae1 h5 18. Kg2 Nf6 19. b4 b6 20. bxc5 bxc5 
21. Ndf3 Nh7 22. Bd3 e4 23. Bxe4 fxe4 24. Rxe4 Nf8 25. Rfe1 Kg8 26. Ng5 Bf6 
27. Re8 Bxg5 28. Qxg6+ Qxg6 29. Nxg6 Bf5 30. Rxa8 Bxg6 31. h4 Bh6 32. d6 Rh7 
33. Re7 Bf5 34. a4 Rf7 35. f3 a5 36. Rxa5 Rf6 37. Rxc5 Bd7 38. a5 Rxd6 
39. Rxh5 Rc6 40. f4 Bc8 41. Kh2 Bg4 42. Rb5 Nd7 43. Rb7 Rd6 44. a6 Rd2+ 
45. Kg1 Bg7 46. Kf1 Kf8 47. a7 Kxe7 48. a8=Q Rd1+ 49. Kg2 Rd2+ 50. Kf1 Rd1+ 
51. Kg2 Rd2+ 52. Kf1 1/2-1/2

[Event "Tuesday 17 April Rapid Engine Tour 12+1 Rounds 9 Starts 1600ST"]
[Site "Infinity Chess"]
[Date "2018.4.17"]
[Round "2"]
[White "ocirema"]
[Black "Seliga"]
[Result "1/2-1/2"]
[ECO "C50"]
[WhiteElo "2480"]
[BlackElo "2486"]
[WhiteEngine "asmFishW_2018-04-11_popcnt_CTG"]
[BlackEngine "AsmFish@A12_CTG"]
[EventType "Swiss"]
[WhiteTeam ""]
[BlackTeam ""]
[PlyCount "129"]
[TimeControl "720+1"]

1. e4 e5 2. Nf3 Nc6 3. Bc4 Bc5 4. O-O Nf6 5. d3 O-O 6. c3 a5 7. Re1 d6 8. h3 h6 
9. Nbd2 Be6 10. a4 Ba7 11. Bxe6 fxe6 12. Nf1 d5 13. Qc2 Qd6 14. Be3 Bxe3 
15. fxe3 dxe4 16. dxe4 Nd8 17. Rad1 Qc5 18. N1d2 Nf7 19. Qb3 Rfe8 20. Qa2 Nd7 
21. Rb1 b6 22. b4 Qc6 23. Qc4 Qb7 24. Qd3 Nf6 25. Qb5 axb4 26. cxb4 c6 
27. Qd3 Rxa4 28. Qc2 Ra7 29. Rbc1 Rc8 30. Qb3 Qd7 31. Nc4 Qc7 32. Ncd2 Qe7 
33. Nc4 Nd7 34. Qc3 Ra2 35. Qb3 Ra6 36. Qc3 Rca8 37. Red1 Kh7 38. Kh1 b5 
39. Ncxe5 Ndxe5 40. Nxe5 Nxe5 41. Qxe5 Rf8 42. Rd2 Rf6 43. Qc5 Qxc5 44. Rxc5 Ra3 
45. Rxc6 Rxe3 46. Rb6 Rxe4 47. Rxb5 Rf1+ 48. Kh2 Rb1 49. Rd7 Rbxb4 50. Ra5 Red4 
51. Re7 Rd5 52. Rxd5 exd5 53. Re6 d4 54. Rd6 g5 55. Kg3 h5 56. Kf3 Kg8 
57. Rg6+ Kh7 58. Rxg5 Kh6 59. Rd5 h4 60. Kf2 Kg7 61. g4 hxg3+ 62. Kxg3 Kf6 
63. Rd8 Rb3+ 64. Kf4 Rxh3 65. Ke4 1/2-1/2

[Event "Tuesday 17 April Rapid Engine Tour 12+1 Rounds 9 Starts 1600ST"]
[Site "Infinity Chess"]
[Date "2018.4.17"]
[Round "2"]
[White "SkyPilot"]
[Black "Murx"]
[Result "1/2-1/2"]
[ECO "C53"]
[WhiteElo "2496"]
[BlackElo "2507"]
[WhiteEngine "stockfish_x64_bmi2_2018_04_07_CTG"]
[BlackEngine "asmFishW_2018-04-07_popcnt"]
[EventType "Swiss"]
[WhiteTeam ""]
[BlackTeam ""]
[PlyCount "124"]
[TimeControl "720+1"]

1. e4 e5 2. Nf3 Nc6 3. Bc4 Bc5 4. c3 Nf6 5. d3 d6 6. O-O O-O 7. Bg5 h6 8. Bh4 a6 
9. Bb3 g5 10. Bg3 Ba7 11. Nbd2 Na5 12. Ba4 Nh5 13. b4 Nxg3 14. hxg3 Nc6 
15. Bxc6 bxc6 16. Nb3 Re8 17. Qd2 Rb8 18. Rfe1 Bd7 19. Rac1 Qe7 20. a3 Qe6 
21. Na5 Bb6 22. Nc4 Ba7 23. Rcd1 f6 24. Ne3 Bxe3 25. Qxe3 a5 26. Nd2 Ra8 
27. Nc4 axb4 28. cxb4 h5 29. Ra1 Kf7 30. Qe2 Kg6 31. Qc2 f5 32. exf5+ Qxf5 
33. a4 Kg7 34. a5 h4 35. Ne3 Qf6 36. g4 Rf8 37. a6 Ra7 38. Ra2 Rfa8 39. d4 Rxa6 
40. Rxa6 Rxa6 41. Qc4 Rb6 42. dxe5 dxe5 43. Ra1 Qf4 44. Qc5 Kf7 45. Rd1 Be6 
46. b5 Kg6 47. Qc2+ e4 48. Rd4 Bd5 49. Nxd5 cxd5 50. Rxd5 Re6 51. Rd7 Qe5 
52. Rxc7 Qxb5 53. Qa2 Qe5 54. Rc3 Qd6 55. Qa8 Qd1+ 56. Kh2 Qxg4 57. Qg8+ Kh5 
58. Qh7+ Rh6 59. Qf7+ Rg6 60. Qh7+ Rh6 61. Qf7+ Rg6 62. Qh7+ Rh6 1/2-1/2

[Event "Tuesday 17 April Rapid Engine Tour 12+1 Rounds 9 Starts 1600ST"]
[Site "Infinity Chess"]
[Date "2018.4.17"]
[Round "2"]
[White "Susanne"]
[Black "Katzenmaier"]
[Result "1-0"]
[ECO "C53"]
[WhiteElo "2513"]
[BlackElo "2516"]
[WhiteEngine "asmFishW_IX_bmi2_CTG"]
[BlackEngine "Raubfisch X38a."]
[EventType "Swiss"]
[WhiteTeam ""]
[BlackTeam ""]
[PlyCount "269"]
[TimeControl "720+1"]

1. e4 e5 2. Nf3 Nc6 3. Bc4 Bc5 4. c3 Nf6 5. d3 d6 6. O-O O-O 7. Nbd2 a5 
8. Re1 h6 9. Nf1 Be6 10. Bb5 Ne7 11. d4 Bb6 12. Be3 exd4 13. Bxd4 Bxd4 
14. Nxd4 Ng6 15. Ba4 c6 16. Nxe6 fxe6 17. Bb3 Qe7 18. g3 Ne5 19. f4 Nf7 
20. Qc2 Rfe8 21. Ne3 b5 22. a3 Qb7 23. Qg2 Rad8 24. Kh1 b4 25. axb4 axb4 
26. c4 Ra8 27. Rad1 Ra5 28. Rf1 Qa7 29. Qf3 Qc5 30. Rfe1 Kh8 31. Kg2 h5 
32. Re2 e5 33. Nf5 Rea8 34. Ree1 g6 35. Nh4 Kg7 36. h3 Rg8 37. Rf1 Ra7 
38. Bc2 Ra2 39. Rb1 Rf8 40. Qe2 Re8 41. Kh1 Ra7 42. Rbd1 Ra2 43. Bb3 Ra7 
44. Bc2 Ra2 45. Bd3 Qa7 46. Kh2 Qc5 47. Kh1 Qa7 48. Nf3 b3 49. Bb1 Ra1 
50. Qg2 Qe7 51. Rde1 c5 52. Re3 Rb8 53. Qe2 Rb4 54. Nd2 Ra8 55. Bd3 Rh8 
56. f5 g5 57. Nb1 g4 58. h4 Nd8 59. Nc3 Rb7 60. Nd5 Qf8 61. Qd2 Rg8 62. Ree1 Kh8 
63. Ra1 Nc6 64. Ra8 Nd8 65. Nc3 Kh7 66. Ra6 Nf7 67. Be2 Qe7 68. Rfa1 Rc8 
69. Qe3 Rcb8 70. Kh2 Rb6 71. R6a4 Qf8 72. Ra5 R6b7 73. Ra6 Ne8 74. Qd3 Nc7 
75. Ra7 Qe7 76. Qe3 Qd8 77. Nb5 Ne8 78. Nc3 Kg7 79. R7a3 Qf6 80. Nb5 d5 
81. exd5 Ned6 82. Qxc5 Rc8 83. Nxd6 Nxd6 84. Qg1 e4 85. Ra6 Qxb2 86. Qe3 Nxf5 
87. Qg5+ Kh8 88. Qxh5+ Rh7 89. Qxg4 Qe5 90. Re6 Qxa1 91. Qxf5 Qg7 92. Qxe4 Rg8 
93. Qf4 Rf8 94. Qe3 Qf7 95. Kg2 Rg7 96. Rb6 Re8 97. Qf3 Qxf3+ 98. Bxf3 Re3 
99. d6 Rf7 100. Bd5 Rf8 101. Kh3 Kg7 102. h5 Kf6 103. Kh4 Rh8 104. g4 Rd3 
105. Be4 Rd2 106. d7+ Ke7 107. Bf5 b2 108. c5 Rf8 109. Kg3 Re2 110. Rb7 Re3+ 
111. Kh4 Re1 112. Rxb2 Rd8 113. Rd2 Rh1+ 114. Kg5 Rg8+ 115. Kh6 Rc1 
116. Re2+ Kd8 117. Kh7 Rf8 118. Kg7 Rxf5 119. gxf5 Rg1+ 120. Kf6 Kxd7 
121. Rh2 Rg8 122. h6 Rf8+ 123. Kg7 Rxf5 124. h7 Rg5+ 125. Kf6 Rg1 126. h8=Q Rf1+ 
127. Kg5 Rg1+ 128. Kh6 Rb1 129. Rd2+ Kc6 130. Qc8+ Kb5 131. Qb7+ Kxc5 
132. Qxb1 Kc6 133. Qc1+ Kb5 134. Rb2+ Ka4 135. Qa1# 1-0

[Event "Tuesday 17 April Rapid Engine Tour 12+1 Rounds 9 Starts 1600ST"]
[Site "Infinity Chess"]
[Date "2018.4.17"]
[Round "1"]
[White "IronMan"]
[Black "OlivierEvan"]
[Result "1/2-1/2"]
[ECO "A46"]
[WhiteElo "2465"]
[BlackElo "2343"]
[WhiteEngine "Eman 170b21-IDeA"]
[BlackEngine "Houdini 6"]
[EventType "Swiss"]
[WhiteTeam ""]
[BlackTeam ""]
[PlyCount "103"]
[TimeControl "720+1"]

1. d4 Nf6 2. Nf3 d5 3. c4 c6 4. e3 e6 5. b3 c5 6. cxd5 exd5 7. Bb2 Nc6 
8. Be2 cxd4 9. Nxd4 Bb4+ 10. Nc3 Qa5 11. Ndb5 Ne4 12. Rc1 Nxc3 13. Bxc3 Bxc3+ 
14. Nxc3 Be6 15. Qd2 Rc8 16. Bb5 O-O 17. Bxc6 Rxc6 18. Ne2 Rxc1+ 19. Nxc1 Qc7 
20. Ne2 Rc8 21. O-O Qc2 22. Rd1 Kf8 23. f3 Qxd2 24. Rxd2 g5 25. Kf2 Ke7 
26. g4 Kd6 27. h3 f6 28. a3 a6 29. f4 Bf7 30. Kg3 h5 31. e4 Re8 32. Nc3 Kc5 
33. gxh5 dxe4 34. h6 e3 35. Rd7 Bxb3 36. fxg5 fxg5 37. h7 Bc2 38. Rxb7 Rh8 
39. Re7 Bxh7 40. Ne4+ Bxe4 41. Rxe4 Rh4 42. Rxe3 Kd6 43. Re8 Ra4 44. Kf3 Rxa3+ 
45. Kg4 a5 46. Re4 Kd5 47. Re2 a4 48. Re8 Rd3 49. Rh8 a3 50. Kxg5 a2 
51. Ra8 Rxh3 52. Rxa2 1/2-1/2

[Event "Tuesday 17 April Rapid Engine Tour 12+1 Rounds 9 Starts 1600ST"]
[Site "Infinity Chess"]
[Date "2018.4.17"]
[Round "1"]
[White "Deep_Impact"]
[Black "RonWeasley"]
[Result "1/2-1/2"]
[ECO "C11"]
[WhiteElo "2403"]
[BlackElo "2470"]
[WhiteEngine "BrainFish_180411_x64_bmi2"]
[BlackEngine "BrainFish 090218_CTG"]
[EventType "Swiss"]
[WhiteTeam ""]
[BlackTeam ""]
[PlyCount "99"]
[TimeControl "720+1"]

1. e4 e6 2. d4 d5 3. Nc3 Nf6 4. e5 Nfd7 5. f4 c5 6. Nf3 Nc6 7. Be3 cxd4 
8. Nxd4 Qb6 9. Na4 Qa5+ 10. Nc3 Qb6 11. Qd2 Qxb2 12. Rb1 Qa3 13. Bb5 Nxd4 
14. Bxd4 a6 15. Rb3 Qe7 16. Ba4 g6 17. O-O Bg7 18. Bxd7+ Qxd7 19. a4 Qc7 
20. Rfb1 O-O 21. a5 f6 22. exf6 Bxf6 23. Bxf6 Rxf6 24. Na4 Rb8 25. Rc3 Qd6 
26. g3 Rf8 27. Rb6 Qd8 28. Qd4 e5 29. Qxe5 Qe8 30. Qxe8 Rxe8 31. Rc7 d4 
32. Nc5 Re2 33. Nxb7 Bxb7 34. Rcxb7 Rxb7 35. Rxb7 Rxc2 36. Rd7 Ra2 37. Rxd4 Rxa5 
38. Kg2 Kg7 39. g4 Ra2+ 40. Kg3 a5 41. Kf3 Rxh2 42. Rd7+ Kf6 43. Ra7 a4 
44. Rxa4 Ke6 45. Ra6+ Kf7 46. f5 gxf5 47. gxf5 h5 48. Ke4 h4 49. Kf3 Rh1 50. Kg4 
1/2-1/2

[Event "Tuesday 17 April Rapid Engine Tour 12+1 Rounds 9 Starts 1600ST"]
[Site "Infinity Chess"]
[Date "2018.4.17"]
[Round "1"]
[White "CrapCleaner"]
[Black "Thinker"]
[Result "1/2-1/2"]
[ECO "C50"]
[WhiteElo "2479"]
[BlackElo "2432"]
[WhiteEngine "Raubfisch X38b_CTG"]
[BlackEngine "BrainFish_180411_x64_modern_CTG"]
[EventType "Swiss"]
[WhiteTeam ""]
[BlackTeam ""]
[PlyCount "80"]
[TimeControl "720+1"]

1. e4 e5 2. Nf3 Nc6 3. Bc4 Bc5 4. O-O Nf6 5. d3 d6 6. c3 O-O 7. Bg5 h6 8. Bh4 a6 
9. a4 g5 10. Bg3 Ba7 11. Nbd2 Nh7 12. h3 h5 13. Kh1 Kh8 14. b4 g4 15. Nh4 Qg5 
16. b5 Ne7 17. d4 exd4 18. cxd4 Qh6 19. e5 d5 20. Bd3 Bxd4 21. Rc1 c6 
22. bxc6 bxc6 23. Rg1 Ba7 24. Nb3 Rg8 25. e6 Bxe6 26. Be5+ f6 27. Bd4 gxh3 
28. g3 Bg4 29. Qc2 Bxd4 30. Nxd4 Nf8 31. Qb2 Nfg6 32. Bxg6 Nxg6 33. Ndf5 Bxf5 
34. Qxf6+ Qg7 35. Qxf5 Nxh4 36. gxh4 Qh6 37. Qe5+ Kh7 38. Qf5+ Kh8 39. Qe5+ Kh7 
40. Qf5+ Kh8 1/2-1/2

[Event "Tuesday 17 April Rapid Engine Tour 12+1 Rounds 9 Starts 1600ST"]
[Site "Infinity Chess"]
[Date "2018.4.17"]
[Round "1"]
[White "Mr Aj"]
[Black "ocirema"]
[Result "1/2-1/2 "]
[ECO "A05"]
[WhiteElo "2436"]
[BlackElo "2482"]
[WhiteEngine "Houdini 6_CTG"]
[BlackEngine "asmFishW_2018-04-11_popcnt_CTG"]
[EventType "Swiss"]
[WhiteTeam ""]
[BlackTeam ""]
[PlyCount "154"]
[TimeControl "720+1"]

1. Nf3 Nf6 2. c4 e6 3. d4 d5 4. Nc3 c6 5. e3 Nbd7 6. Qc2 Bd6 7. Bd3 O-O 
8. O-O dxc4 9. Bxc4 a6 10. a4 c5 11. Rd1 cxd4 12. exd4 Qc7 13. Qe2 b6 14. h3 Bb7 
15. Bd3 Rfd8 16. Be3 Qb8 17. Bc4 Nf8 18. Ne5 Ng6 19. f4 Rf8 20. Rac1 Qe8 
21. Bd3 Ne7 22. Re1 Qd8 23. Bf2 Nfd5 24. Qh5 Nf6 25. Qe2 Ng6 26. g3 a5 
27. Ng4 Bb4 28. Nxf6+ Qxf6 29. Rc2 Ne7 30. Rec1 Qh6 31. h4 Rab8 32. Ne4 Nd5 
33. Ng5 g6 34. Bc4 Rfe8 35. Bb5 Re7 36. Nf3 Qf8 37. Ne5 Rc8 38. Nc6 Rec7 
39. Nxb4 Qxb4 40. Rxc7 Rxc7 41. Rxc7 Nxc7 42. Qc4 Qd6 43. d5 Nxd5 44. Qd4 Qc7 
45. Qc4 Qd6 46. Qd4 Qc7 47. Qc4 Qd8 48. Qd4 Qc8 49. Qc4 Qd8 50. Qd4 Kf8 
51. Bf1 Ke8 52. Bc4 Qc7 53. Kf1 f6 54. b3 Bc6 55. Qd3 Ke7 56. h5 Kf7 
57. hxg6+ hxg6 58. Qd4 Kg7 59. Ke1 Kf7 60. Kf1 Qc8 61. Ke2 Qb7 62. Bxd5 Bxd5 
63. Qxb6 Qxb6 64. Bxb6 Bxb3 65. Bxa5 Bxa4 66. Bc3 Bb3 67. Ke3 Bc2 68. Kf3 Bb3 
69. Ke3 f5 70. Kf2 Ke7 71. Ke3 Bd5 72. Kd4 Bf3 73. Ke3 Bd5 74. Kd4 Bg2 
75. Ke3 Bb7 76. Bb4+ Kf6 77. Bc3+ Ke7 1/2-1/2

[Event "Tuesday 17 April Rapid Engine Tour 12+1 Rounds 9 Starts 1600ST"]
[Site "Infinity Chess"]
[Date "2018.4.17"]
[Round "1"]
[White "Seliga"]
[Black "star99"]
[Result "1/2-1/2"]
[ECO "D15"]
[WhiteElo "2488"]
[BlackElo "2441"]
[WhiteEngine "AsmFish@A12_CTG"]
[BlackEngine "Cryptic Heroes 9.4B"]
[EventType "Swiss"]
[WhiteTeam ""]
[BlackTeam ""]
[PlyCount "133"]
[TimeControl "720+1"]

1. d4 d5 2. c4 c6 3. Nf3 Nf6 4. Nc3 e6 5. Bg5 dxc4 6. a4 Bb4 7. e4 h6 
8. Bxf6 Qxf6 9. Bxc4 c5 10. e5 Qd8 11. O-O cxd4 12. Qxd4 Qxd4 13. Nxd4 Nd7 
14. f4 O-O 15. Rfd1 Nb6 16. Bb3 a5 17. Ne4 Bd7 18. Kf2 Be7 19. Ke3 Rac8 
20. Nb5 Bc6 21. g3 Rfd8 22. Ned6 Ra8 23. Rd4 Kf8 24. Rd2 Rd7 25. Rc1 Rad8 
26. Rd4 h5 27. h4 g6 28. Rc2 Kg7 29. Rc3 Ra8 30. Rc5 Nc8 31. Rc3 Nxd6 
32. Nxd6 Kf8 33. Rd1 Rad8 34. Rc5 Rb8 35. Rc3 Bd8 36. Ke2 Ke7 37. Nc4 Rxd1 
38. Bxd1 Bc7 39. b3 Kd7 40. Rd3+ Ke7 41. Rc3 Bd8 42. Nd6 Bd7 43. Kd3 b5 
44. axb5 Bxb5+ 45. Nxb5 Rxb5 46. Rc6 Kd7 47. Rd6+ Kc7 48. Ke2 Be7 49. Rd3 Rb4 
50. Rc3+ Kb6 51. Kf3 Rd4 52. Be2 Rd5 53. Rc2 Rc5 54. Bc4 Rc7 55. Rb2 Rd7 
56. Be2 Rc7 57. Bc4 Bc5 58. Ra2 Bb4 59. Rc2 Rc8 60. Rc1 Ba3 61. Rc2 Be7 
62. Rc1 Rc7 63. Rc2 Bb4 64. Ke4 Be7 65. Kf3 Rc6 66. Ra2 Rc7 67. Rc2 1/2-1/2

[Event "Tuesday 17 April Rapid Engine Tour 12+1 Rounds 9 Starts 1600ST"]
[Site "Infinity Chess"]
[Date "2018.4.17"]
[Round "1"]
[White "MarioDeMonti"]
[Black "SkyPilot"]
[Result "1/2-1/2"]
[ECO "C55"]
[WhiteElo "2443"]
[BlackElo "2498"]
[WhiteEngine "stockfish_x64_bmi2_2018_02_18_CTG"]
[BlackEngine "stockfish_x64_bmi2_2018_04_07_CTG"]
[EventType "Swiss"]
[WhiteTeam ""]
[BlackTeam ""]
[PlyCount "90"]
[TimeControl "720+1"]

1. e4 e5 2. Nf3 Nc6 3. Bc4 Nf6 4. d3 Bc5 5. c3 d6 6. O-O O-O 7. h3 a5 8. Nbd2 h6 
9. Re1 Be6 10. Bb5 Qb8 11. Re2 Qa7 12. a4 Ne7 13. Bc4 Nh5 14. Bxe6 fxe6 
15. Nb3 Bb6 16. d4 exd4 17. cxd4 Nf4 18. Rc2 Nc6 19. Be3 Nb4 20. Rd2 Qb8 
21. Ne1 Qe8 22. Qg4 Qf7 23. Nf3 Rae8 24. Rad1 Nc6 25. Nc1 e5 26. d5 Nd4 
27. Nxd4 Bxd4 28. Bxd4 exd4 29. Rxd4 Re5 30. h4 c5 31. dxc6 bxc6 32. Rxd6 Rxe4 
33. Kh2 Qe7 34. R1d4 Rxd4 35. Rxd4 Qe5 36. Rd1 Qxb2 37. Rd7 c5 38. Nb3 Qe5 
39. g3 Ne6 40. f4 Qe1 41. Re7 Qf2+ 42. Kh3 Qf1+ 43. Kh2 Qf2+ 44. Kh3 Qf1+ 
45. Kh2 Qf2+ 1/2-1/2

[Event "Tuesday 17 April Rapid Engine Tour 12+1 Rounds 9 Starts 1600ST"]
[Site "Infinity Chess"]
[Date "2018.4.17"]
[Round "1"]
[White "Murx"]
[Black "Marsell"]
[Result "1/2-1/2"]
[ECO "C55"]
[WhiteElo "2509"]
[BlackElo "2454"]
[WhiteEngine "asmFishW_2018-04-07_popcnt"]
[BlackEngine "BrainFish_180408_x64_bmi2"]
[EventType "Swiss"]
[WhiteTeam ""]
[BlackTeam ""]
[PlyCount "118"]
[TimeControl "720+1"]

1. e4 e5 2. Nf3 Nc6 3. Bc4 Nf6 4. d3 Bc5 5. O-O d6 6. c3 O-O 7. Nbd2 a6 
8. Bb3 Ba7 9. h3 h6 10. Re1 Re8 11. a4 Be6 12. Bxe6 Rxe6 13. b4 d5 14. Qc2 d4 
15. Bb2 dxc3 16. Bxc3 a5 17. b5 Nb4 18. Bxb4 axb4 19. Nc4 Nd7 20. Reb1 Rf6 
21. Qe2 Bc5 22. a5 c6 23. b6 Re6 24. g3 Ra6 25. Rd1 Qf6 26. Kg2 Re8 27. Rab1 Qe7 
28. Rd2 Rb8 29. d4 Bxd4 30. Nxd4 exd4 31. Rxd4 Ne5 32. Nxe5 Qxe5 33. Rd7 Rxa5 
34. Rxb4 c5 35. Rb3 Ra4 36. Rf3 Rf8 37. Rxb7 Qe6 38. e5 Rb4 39. Qd3 Rxb6 
40. Rxb6 Qxb6 41. Qd5 h5 42. h4 Qe6 43. Qxc5 Rd8 44. Rc3 g6 45. Qe3 Rd5 
46. Rc5 Qd7 47. Rxd5 Qxd5+ 48. Kh2 Kg7 49. f3 Kf8 50. f4 f6 51. exf6 Qd6 
52. Qc3 Kf7 53. f5 gxf5 54. Kh3 f4 55. Qc4+ Kxf6 56. gxf4 Qd7+ 57. Kg2 Qg4+ 
58. Kf2 Qxh4+ 59. Ke2 Qg3 1/2-1/2

[Event "Tuesday 17 April Rapid Engine Tour 12+1 Rounds 9 Starts 1600ST"]
[Site "Infinity Chess"]
[Date "2018.4.17"]
[Round "1"]
[White "hafaba"]
[Black "Susanne"]
[Result "1/2-1/2"]
[ECO "B32"]
[WhiteElo "2456"]
[BlackElo "2515"]
[WhiteEngine "Eman 1.70-beta21 64-bit POPCNT_CTG"]
[BlackEngine "asmFishW_IX_bmi2_CTG"]
[EventType "Swiss"]
[WhiteTeam ""]
[BlackTeam ""]
[PlyCount "117"]
[TimeControl "720+1"]

1. e4 c5 2. Nf3 Nc6 3. d4 cxd4 4. Nxd4 e5 5. Nb5 d6 6. N1c3 a6 7. Na3 b5 
8. Nd5 Nf6 9. Bg5 Be7 10. Bxf6 Bxf6 11. c3 Rb8 12. Nc2 Bg5 13. a4 bxa4 
14. Ncb4 Nxb4 15. Nxb4 Bd7 16. Bxa6 Qa5 17. Qxd6 Rb6 18. Qd3 Be6 19. Bc4 Rxb4 
20. Bxe6 Rd4 21. Qf3 O-O 22. Bd5 Bd2+ 23. Ke2 Qa6+ 24. c4 Bb4 25. Rhd1 Rxd1 
26. Rxd1 Bc5 27. Rd2 g6 28. h4 h5 29. g3 Kg7 30. Qc3 Qd6 31. Qf3 f5 32. Kf1 f4 
33. g4 Rb8 34. gxh5 Qf6 35. hxg6 Qxh4 36. Be6 a3 37. bxa3 Bxf2 38. Qg4 Rb1+ 
39. Ke2 Re1+ 40. Kd3 Qg3+ 41. Kc2 Bd4 42. Qxg3 fxg3 43. Bh3 Rh1 44. Bg2 Rg1 
45. Bh3 Rh1 46. Bg2 Rh2 47. Bf3 Rh8 48. Rd3 Rb8 49. Kc1 Rc8 50. Kd1 Bf2 
51. Rc3 Kxg6 52. Bg2 Kh5 53. Rf3 Rxc4 54. Rf5+ Kh6 55. Rxe5 Ra4 56. Rf5 Rxa3 
57. Rxf2 gxf2 58. Ke2 Kg5 59. Kxf2 1/2-1/2

[Event "Tuesday 17 April Rapid Engine Tour 12+1 Rounds 9 Starts 1600ST"]
[Site "Infinity Chess"]
[Date "2018.4.17"]
[Round "1"]
[White "Katzenmaier"]
[Black "Longin"]
[Result "1/2-1/2"]
[ECO "A22"]
[WhiteElo "2518"]
[BlackElo "2463"]
[WhiteEngine "Raubfisch X38a."]
[BlackEngine "Raubfisch ME262_GTZ17b_CTG"]
[EventType "Swiss"]
[WhiteTeam ""]
[BlackTeam ""]
[PlyCount "111"]
[TimeControl "720+1"]

1. c4 e5 2. Nc3 Nf6 3. e3 Bb4 4. Nge2 O-O 5. a3 Be7 6. d4 exd4 7. Qxd4 d6 
8. b3 Na6 9. Qd1 Nc5 10. Qc2 Re8 11. Ng3 a5 12. Be2 a4 13. b4 Nb3 14. Rb1 Nxc1 
15. Rxc1 Bf8 16. O-O c6 17. Nf5 g6 18. Nd4 Bg7 19. h3 Qe7 20. b5 c5 21. Nf3 Be6 
22. Ng5 Bf5 23. Bd3 Bc8 24. Nf3 Be6 25. Nd2 Nd7 26. Be4 Nb6 27. Nd5 Nxd5 
28. Bxd5 Bf5 29. e4 Be6 30. Rce1 Bxd5 31. cxd5 f5 32. Qd3 f4 33. Rc1 Be5 
34. Rc4 Qd7 35. Rb1 g5 36. Qe2 Qf7 37. Nf3 Qg6 38. Nxe5 Rxe5 39. f3 h5 
40. b6 Qf6 41. Re1 Kg7 42. Rf1 Re7 43. Qc2 Ra6 44. Rb1 Ra8 45. Rxa4 Rxa4 
46. Qxa4 g4 47. fxg4 hxg4 48. hxg4 Qc3 49. Rf1 Qe3+ 50. Rf2 Kg6 51. e5 dxe5 
52. d6 Qe1+ 53. Rf1 Qe3+ 54. Rf2 Qe1+ 55. Rf1 Qe3+ 56. Rf2 1/2-1/2

[Event "Tuesday 24 April Rapid Engine Tour 12+1 Rounds 9 Starts 1600ST"]
[Site "Infinity Chess"]
[Date "2018.4.24"]
[Round "9"]
[White "Vimtiroba"]
[Black "MarioDeMonti"]
[Result "1/2-1/2"]
[ECO "A08"]
[WhiteElo "2427"]
[BlackElo "2450"]
[WhiteEngine "AsmFish A10_CTG"]
[BlackEngine "stockfish_x64_bmi2_2018_02_18_CTG"]
[EventType "Swiss"]
[WhiteTeam ""]
[BlackTeam ""]
[PlyCount "119"]
[TimeControl "720+1"]

1. Nf3 d5 2. g3 c5 3. Bg2 Nf6 4. O-O e6 5. c4 d4 6. e3 Nc6 7. exd4 cxd4 
8. d3 Bd6 9. Nbd2 h6 10. Nh4 Be7 11. Qe2 O-O 12. f4 Qb6 13. Rb1 a5 14. b3 Bd7 
15. a3 Qc7 16. Ne4 Rab8 17. f5 e5 18. Nxf6+ Bxf6 19. Qg4 Kh7 20. Be4 Ne7 
21. a4 Rh8 22. Ba3 Kg8 23. Bxe7 h5 24. Qe2 Bxe7 25. Nf3 Rh6 26. Bd5 Bc6 
27. Bxc6 bxc6 28. Qxe5 Qxe5 29. Nxe5 c5 30. f6 Rxf6 31. Rxf6 Bxf6 32. Nd7 Rc8 
33. Re1 Kh7 34. Nxf6+ gxf6 35. Kf2 Kg6 36. Kf3 f5 37. Re5 f6 38. Rd5 Rb8 
39. Kf4 Rxb3 40. Rxf5 Rxd3 41. Rxc5 Rd2 42. h3 d3 43. Kf3 Rc2 44. Ke3 d2 
45. Ke2 Rc3 46. Kxd2 Rxg3 47. Rxa5 Rxh3 48. c5 Rh2+ 49. Kc3 Rh1 50. Ra8 h4 
51. a5 h3 52. Kb2 Kg7 53. Ra7+ Kg6 54. Ra8 Rh2+ 55. Kb3 Rh1 56. Rg8+ Kf5 
57. Rh8 Ke6 58. a6 Ra1 59. Rxh3 Rxa6 60. Rh1 1/2-1/2

[Event "Tuesday 24 April Rapid Engine Tour 12+1 Rounds 9 Starts 1600ST"]
[Site "Infinity Chess"]
[Date "2018.4.24"]
[Round "9"]
[White "Time_bandit"]
[Black "Eman"]
[Result "1/2-1/2"]
[ECO "C77"]
[WhiteElo "2471"]
[BlackElo "2439"]
[WhiteEngine "asmFishW_2018-04-11_bmi2"]
[BlackEngine "Eman 1.70-beta25 64-bit POPCNT"]
[EventType "Swiss"]
[WhiteTeam ""]
[BlackTeam ""]
[PlyCount "121"]
[TimeControl "720+1"]

1. e4 e5 2. Nf3 Nc6 3. Bb5 a6 4. Ba4 Nf6 5. O-O Be7 6. Re1 b5 7. Bb3 O-O 
8. c3 d6 9. h3 Bb7 10. d4 Re8 11. Nbd2 Bf8 12. a4 exd4 13. cxd4 Qd7 14. Bc2 Nb4 
15. Bb1 g6 16. axb5 axb5 17. Rxa8 Bxa8 18. e5 dxe5 19. dxe5 Bxf3 20. Qxf3 Nfd5 
21. Qg3 c5 22. Ne4 Nc6 23. f4 Be7 24. Kh2 Nd4 25. Nc3 c4 26. Be4 Nxc3 
27. bxc3 Nb3 28. Be3 Bc5 29. Bc2 Bxe3 30. Qxe3 Qd2 31. Qxd2 Nxd2 32. Rd1 Rd8 
33. h4 Kf8 34. h5 gxh5 35. Kh3 Ke7 36. f5 f6 37. exf6+ Kxf6 38. Kh4 Rd6 
39. Kxh5 Ne4 40. Rxd6+ Nxd6 41. g4 Nf7 42. Be4 Ke5 43. Bc6 Nd6 44. Kg5 b4 
45. cxb4 Ne4+ 46. Bxe4 Kxe4 47. f6 c3 48. f7 c2 49. f8=Q c1=Q+ 50. Kh4 Qe1+ 
51. Kh3 Qh1+ 52. Kg3 Qg1+ 53. Kh4 Qh2+ 54. Kg5 Qd2+ 55. Kh4 Qe1+ 56. Kh3 Qe3+ 
57. Kg2 Qe2+ 58. Qf2 Qxg4+ 59. Kh2 Kd3 60. Qg3+ Qxg3+ 61. Kxg3 1/2-1/2